 Dungeon Crawl Stone Soup version 0.20.1-1-g8b1a95d (webtiles) character file.

298 Necronhym the Skirmisher (level 6, -1/51 (52) HPs)
             Began as a Ghoul Fighter on Sept 26, 2017.
             Slain by an orc
             ... wielding a +0 short sword
              (5 damage)
             ... on level 4 of the Dungeon.
             The game lasted 00:17:28 (2557 turns).

Necronhym the Skirmisher (Ghoul Fighter)            Turns: 2557, Time: 00:17:29

HP:   -1/51 (52)    AC:  9    Str: 22    XL:     6   Next: 35%
MP:   5/5           EV:  8    Int:  3    God:
Gold: 166           SH: 11    Dex:  8    Spells: 5/5 levels left

rFire    . . .     SeeInvis .   a - +1 long sword
rCold    + . .     Gourm    .   c - +2 shield
rNeg     + + +     Faith    .   b - +0 scale mail
rPois    ∞         Spirit   .   j - +0 helmet
rElec    .         Reflect  .   (no cloak)
rCorr    .         Harm     .   o - +0 pair of gloves
MR       .....                  (no boots)
Stlth    ..........             (no amulet)
Regen    0.0/turn               (no ring)
MPRegen  0.1/turn               (no ring)

@: rotting
A: rotting body, claws 1, carnivore 3, cold resistance 1, negative energy
resistance 3, inhibited regeneration, torment resistance, unbreathing
a: no special abilities


You were on level 4 of the Dungeon.
You were not hungry.

You visited 1 branch of the dungeon, and saw 4 of its levels.

You collected 166 gold pieces.

Inventory:

Hand Weapons
 a - a +1 long sword (weapon)
 l - a +0 club
 m - a +0 hunting sling
Armour
 b - a +0 scale mail (worn)
 c - a +2 shield (worn)
 g - a +1 buckler of cold resistance
 h - a cursed +0 ring mail
 i - a +0 helmet
 j - a +0 helmet (worn)
 o - a +0 pair of gloves (worn)
Wands
 p - a wand of flame (23/48)
Scrolls
 q - a scroll of identify
Potions
 d - 2 potions of might
 e - a potion of cancellation
 f - a potion of lignification {unknown}
 k - a potion of haste
 n - a potion of heal wounds {unknown}
 r - a potion of invisibility {unknown}


   Skills:
 + Level 4.0 Fighting
 + Level 4.0 Long Blades
 + Level 3.8 Armour
 + Level 1.4 Dodging
 + Level 0.2 Stealth
 + Level 3.3 Shields


You had 5 spell levels left.
You didn't know any spells.

Dungeon Overview and Level Annotations

Branches:
Dungeon (4/15)
 Temple: D:4-7

Altars:
Dithmenos
Fedhas
Gozag
Hepliaklqana
Sif Muna

Shops:
D:4 [


Innate Abilities, Weirdness & Mutations

Your body is rotting away.
You thrive on raw meat.
You are immune to poison.
You have sharp fingernails.
You are carnivorous and can eat meat at any time.
Your flesh is cold resistant. (rC+)
You are immune to negative energy. (rN+++)
You do not regenerate when monsters are visible.
You are immune to unholy pain and torment.
You can survive without breathing.


Message History

The orc hits you with a whip.
* * * LOW HITPOINT WARNING * * *
You hit the orc.
You kill the orc!
The orc priest calls upon Beogh to heal the orc.
The orc's wounds heal themselves!
You slash the orc priest!
The orc priest is severely wounded.
The orc priest barely misses you.
You hit the orc priest but do no damage.
The orc priest is severely wounded.
The orc priest hits you with a mace!
* * * LOW HITPOINT WARNING * * *
You closely miss the orc priest.
The orc priest is severely wounded.
The orc priest begins to cast a cantrip, but forgets the words!
You slash the orc priest!
You kill the orc priest!
The orc hits you with a short sword.
You die...

**#.........#.......,,,,,,
#....$....#####..,,,,,,,
***#.......%.#####..**,,,,,
*,,....##.#.........*<*****
*,,..#..............,,,,,,,
**,,.,#.##.##.......#**,,,,,
*,,,,,+....*#.#+##..# *,***,
*,,,,,#.#..##.#.##.## *,* *,
*,,,,,#,#..@o†.....# *,* *,
*,*****,#.###.#.####***,* *,
*,* *..,,*#.....,,,,,,* **
*,****##****#####.#******
*,,,,,,,,,,,,,,,,...*
*****************,#.# *,,.#
*****


You could see an orc.

Vanquished Creatures
  An ogre (D:4)
  A bullfrog zombie (D:4)
  An orc priest (D:4)
  Natasha (D:3)
  A howler monkey zombie (D:4)
  3 gnolls (D:3)
  2 adders (D:2)
  An ooze (D:2)
  2 worms (D:3)
  A dart slug (D:1)
  2 leopard geckos
  3 orcs (D:4)
  A giant cockroach (D:1)
  5 goblins
  10 hobgoblins
  5 kobolds
  A quokka (D:3)
  10 bats
  3 frilled lizards
  A giant cockroach zombie (D:4)
  2 jackal zombies (D:4)
  A quokka zombie (D:4)
  11 rats
69 creatures vanquished.

Notes
Turn   | Place    | Note
-------+----------+-------------------------------------------
     0 | D:1      | Necronhym the Ghoul Fighter began the quest for the Orb.
     0 | D:1      | Reached XP level 1. HP: 19/19 MP: 0/0
   204 | D:1      | Reached XP level 2. HP: 26/26 MP: 1/1
   662 | D:2      | Reached XP level 3. HP: 29/31 MP: 2/2
  1230 | D:2      | Reached XP level 4. HP: 13/38 MP: 3/3
  1592 | D:3      | Found a shadowy altar of Dithmenos.
  1592 | D:3      | Found an opulent altar of Gozag.
  1594 | D:3      | Found a deep blue altar of Sif Muna.
  1594 | D:3      | Found a hazy altar of Hepliaklqana.
  1754 | D:3      | Noticed Natasha
  1762 | D:3      | Killed Natasha
  1844 | D:3      | Reached skill level 1 in Dodging
  2050 | D:3      | Reached XP level 5. HP: 36/44 MP: 4/4
  2244 | D:4      | Found a blossoming altar of Fedhas.
  2311 | D:4      | Found Camoushre's Antique Armour Shoppe.
  2311 | D:4      | Noticed an ogre
  2328 | D:4      | Killed an ogre
  2328 | D:4      | Reached XP level 6. HP: 13/51 MP: 5/5
  2557 | D:4      | Slain by an orc

Skill      XL: |  1  2  3  4  5  6 |
---------------+-------------------+-----
Long Blades    | 2 3 4 |  4.0
Armour         | 3 |  3.8
Dodging        | 1 |  1.4
Shields        | 3 |  3.3
Fighting       | 4 |  4.0
Stealth        | |  0.2

Action                   |  1- 3 |  4- 6 || total
-------------------------+-------+-------++-------
Melee: Long sword        |   119 |   143 ||   262
  Use: Scroll            |     6 |     7 ||    13
       Potion            |     2 |       ||     2
  Eat: Chunk             |    19 |    12 ||    31
       Meat ration       |     1 |       ||     1
Armor: Scale mail        |    66 |    56 ||   122
Dodge: Dodged            |    46 |    42 ||    88
Block: Shield            |    82 |    97 ||   179
       Rpst.: Long sword |    16 |     9 ||    25
